 Dungeon Crawl Stone Soup version 0.14-a0-1192-g192f278 (webtiles) character file.

280 PolkaDot the Grave Robber (level 4, -1/30 HPs)
             Began as a Vampire Necromancer on Nov 30, 2013.
             Slain by a gnoll
             ... wielding a +2,+1 spear
              (12 damage)
             ... on Level 3 of the Dungeon.
             The game lasted 00:06:49 (2056 turns).

PolkaDot the Grave Robber (Vampire Necromancer)     Turns: 2056, Time: 00:06:50

HP  -1/30        AC  2     Str  7      XL: 4   Next: 51%
MP   3/8         EV 12     Int 18      God:
Gold 177         SH  0     Dex 14      Spells:  3 memorised,  0 levels left

rFire  . . .     SeeInvis +     w - +0,+1 spear (vamp)
rCold  . . .     Clarity  .     v - +0 robe (curse)
rNeg   + . .     Conserve .     (no shield)
rPois  .         rCorr    .     (no helmet)
rElec  .         rRot     .     (no cloak)
SustAb . .       Spirit   .     (no gloves)
rMut   .         Warding  .     (no boots)
Saprov . . .     Stasis   .     m - amulet of inaccuracy {unknown}
                                (no ring)
                                f - ring of flight

@: slightly resistant to hostile enchantments, stealthy
A: fangs 3, see invisible, unbreathing
a: Bat Form, Evoke Flight


You were on level 3 of the Dungeon.
You were not thirsty.

You visited 1 branch of the dungeon, and saw 3 of its levels.

You collected 177 gold pieces.

Inventory:

Hand weapons
 w - a +0,+1 vampiric spear (weapon)
Armour
 v - a cursed +0 robe (worn)
Scrolls
 c - a scroll of recharging {unknown}
 g - 3 scrolls of enchant armour {unknown}
 h - a scroll of identify {unknown}
 j - a scroll of noise {unknown}
 k - a scroll of magic mapping {unknown}
 l - 2 scrolls of remove curse {unknown}
 n - a scroll of immolation {unknown}
 o - 3 scrolls of teleportation {unknown}
 p - a scroll of curse jewellery {unknown}
 r - 3 scrolls of amnesia {unknown}
 s - 2 scrolls of blinking {unknown}
 u - a scroll of random uselessness {unknown}
Jewellery
 f - a ring of flight (left hand)
 m - an amulet of inaccuracy (around neck) {unknown}
Potions
 d - 3 potions of curing
 e - a potion of invisibility
 i - a potion of lignification {unknown}
 q - a potion of agility {unknown}
 t - a potion of heal wounds {unknown}
Books
 b - a book of Necromancy

   Spells                             Type                      Level
   *Pain                              Necromancy                   1
   *Animate Skeleton                  Necromancy                   1
   Lethal Infusion                    Charms/Necromancy            2
   *Vampiric Draining                 Necromancy                   3
   Regeneration                       Charms/Necromancy            3
   Animate Dead                       Necromancy                   4
   Control Undead                     Necromancy                   4


   Skills:
 + Level 0.5 Polearms
 - Level 2.1 Dodging
 - Level 3.0 Stealth
 - Level 1.0 Spellcasting
 * Level 6.5 Necromancy


You couldn't memorise any spells.
You knew the following spells:

 Your Spells              Type           Power        Failure   Level  Hunger
a - Pain                  Necr           ###.         1%          1    ##.....
d - Vampiric Draining     Necr           ###.......   4%          3    ####...
s - Animate Skeleton      Necr           N/A          1%          1    ##.....


Dungeon Overview and Level Annotations

Branches:
Dungeon (3/16)

Altars:


Innate Abilities, Weirdness & Mutations

You have razor-sharp teeth.*
You have supernaturally acute eyesight.
You can survive without breathing.*


Message History

Firing (i - inventory): No suitable missiles.
Press: ? - help, Shift-Dir - straight line, f/p - gnoll
Aim: a gnoll, wielding a spear (severely wounded)
Okay, then.
You draw the gnoll's blood!
You feel better.
You feel slightly less thirsty.
You hit the gnoll but do no damage.
The gnoll is severely wounded.
You closely miss the gnoll.
The gnoll is severely wounded.
The gnoll hits you with a spear!
You closely miss the gnoll. Your bite misses the gnoll.
The gnoll is severely wounded.
The gnoll hits you with a spear.
* * * LOW HITPOINT WARNING * * *
Drink which item? (? for menu, Esc to quit)
You feel better. The gnoll hits you with a spear.
You barely miss the gnoll.
The gnoll is severely wounded.
The gnoll hits you with a spear!
You die...

........##.#...#.#.% .
.........##.#........ . ...
..................... .....#
............#..##.##. ##..#.#
.###............#.##.
.......###.###.#.#.##.#...#.##.
...#..#.##.............#........
......#.##.######.#.##.#........
..............g@................
...............##....##.##.......
#....##.##.##.##.......##<..#.#.
#.......##.##.##..............#.
.#....##.##.##.##................
.........##.##.......##.#....#.#.
.#..#.##.##.#######..##.#....#.#.
. # #.##.# ..............
.............h... ............


You could see a gnoll.

Vanquished Creatures
  Terence (D:3)
  2 adders
  A giant mite (D:2)
  A worm (D:2)
  4 giant geckos
  An orc (D:3)
  4 bats
  3 giant cockroaches
  4 goblins
  6 hobgoblins
  9 jackals
  A quokka (D:3)
  A ball python (D:3)
  4 giant newts
  12 kobolds
  4 rats
58 creatures vanquished.

Vanquished Creatures (collateral kills)
  A jackal (D:2)
  A bat (D:3)
2 creatures vanquished.

Vanquished Creatures (others)
  A bat skeleton (D:3)
  A jackal skeleton (D:3)
  A kobold skeleton (D:3)
3 creatures vanquished.

Grand Total: 63 creatures vanquished

Notes
Turn   | Place    | Note
--------------------------------------------------------------
     0 | D:1      | PolkaDot, the Vampire Necromancer, began the quest for the Orb.
     0 | D:1      | Reached XP level 1. HP: 13/13 MP: 4/4
   270 | D:1      | Reached XP level 2. HP: 19/19 MP: 5/5
   311 | D:1      | Reached skill level 5 in Necromancy
   391 | D:1      | Learned a level 1 spell: Animate Skeleton
   959 | D:2      | Reached XP level 3. HP: 24/24 MP: 6/6
  1125 | D:2      | Reached skill level 6 in Necromancy
  1401 | D:2      | Reached XP level 4. HP: 30/30 MP: 8/8
  1604 | D:3      | Learned a level 3 spell: Vampiric Draining
  1710 | D:3      | HP: 1/30 [poisoned by an adder]
  1951 | D:3      | Noticed Terence
  1986 | D:3      | Killed Terence
  2056 | D:3      | Slain by a gnoll

Action                   |  1- 3 |  4- 6 || total
-------------------------+-------+-------++-------
Melee: Dagger            |    99 |    32 ||   131
       Spear             |       |    34 ||    34
 Cast: Pain              |     8 |       ||     8
       Animate Skeleton  |     6 |     3 ||     9
       Vampiric Draining |       |     6 ||     6
  Use: Potion            |     1 |     4 ||     5
 Stab: Sleeping          |     8 |     1 ||     9
       Invisible         |       |     3 ||     3
